 Dungeon Crawl Stone Soup version 0.27-a0-668-gb5737ff2c0 (webtiles) character file.

Game seed: 18316672643244319790

317 theanonym the Cudgeller (level 6, -6/49 HPs)
             Began as a Mummy Delver on Mar 17, 2021.
             Was an Initiate of Yredelemnul.
             Mangled by an orc
             ... wielding a +0 mace
              (9 damage)
             ... on level 5 of the Dungeon.
             The game lasted 00:05:30 (4549 turns).

theanonym the Cudgeller (Mummy Delver)              Turns: 4549, Time: 00:05:30

Health: -6/49      AC:  5    Str: 23    XL:     6   Next: 20%
Magic:  6/6        EV: 11    Int:  9    God:    Yredelemnul [......]
Gold:   213        SH:  0    Dex: 14    Spells: 5/5 levels left

rFire    x . .     SeeInvis .   a - +0 mace
rCold    + . .     Faith    .   (no shield)
rNeg     + + +     Spirit   .   i - +0 ring mail
rPois    ∞         Reflect  .   (no helmet)
rElec    .         Harm     .   (no cloak)
rCorr    .         Rampage  .   (no gloves)
Will     .....                  (no boots)
Stlth    ++........             (no amulet)
HPRegen  0.16/turn              l - +6 ring of strength
MPRegen  0.10/turn              (no ring)

@: no status effects
A: cold resistance 1, negative energy resistance 3, torment resistance 2,
unbreathing 1, heat vulnerability 1, no potions
a: Renounce Religion


Innate Abilities, Weirdness & Mutations

You are immune to poison.
Your flesh is cold resistant. (rC+)
You are immune to negative energy. (rN+++)
You are immune to unholy pain and torment.
You can survive without breathing.
You are vulnerable to heat. (rF-)
You do not drink.


   Skills:
 + Level 4.6 Fighting
 * Level 4.6 Maces & Flails
 - Level 1.5 Dodging
 - Level 4.1 Stealth


You had 5 spell levels left.
You didn't know any spells.
Your spell library contained the following spells:

 Spells                   Type           Power      Damage    Failure   Level
 Animate Skeleton         Necr           0%         N/A       54%         1
 Apportation              Tloc           0%         N/A       54%         1
 Corona                   Hex            0%         N/A       54%         1
 Magic Dart               Conj           0%         1d3       54%         1
 Summon Small Mammal      Summ           0%         N/A       54%         1
 Blink                    Tloc           N/A        N/A       69%         2
 Call Imp                 Summ           0%         N/A       69%         2
 Slow                     Hex            0%         N/A       69%         2
 Conjure Flame            Conj/Fire      0%         6-21      89%         3
 Mephitic Cloud           Conj/Pois/Air  0%         N/A       89%         3

Skill      XL: |  1  2  3  4 |
---------------+-------------+-----
Maces & Flails | 2 3 4 |  4.6
Fighting       | 4 |  4.6
Dodging        | |  1.5
Stealth        | |  4.1

Action                   |  1- 3 |  4- 6 || total
-------------------------+-------+-------++-------
Melee: Mace              |    91 |    83 ||   174
Throw: Throwing net      |       |     1 ||     1
Evoke: Wand              |     2 |     2 ||     4
 Stab: Sleeping          |     5 |     3 ||     8
Armor: Leather armour    |     3 |       ||     3
       Ring mail         |    20 |    24 ||    44
Dodge: Dodged            |    53 |    58 ||   111

Inventory:

Hand Weapons
 a - a +0 mace (weapon)
Missiles
 m - 3 poisoned darts (quivered)
Armour
 b - a +0 leather armour
 i - a +0 ring mail (worn)
 o - a +0 pair of gloves
Jewellery
 l - a +6 ring of strength (right hand)
Wands
 c - a wand of digging (3)
 r - a wand of polymorph (11)
 v - a wand of acid (1)
Scrolls
 d - a scroll of enchant weapon {unknown}
 e - 3 scrolls of fear
 f - 2 scrolls of fog
 g - 2 scrolls of amnesia {unknown}
 h - a scroll of immolation {unknown}
 k - a scroll of noise {unknown}
 n - a scroll of identify {unknown}
 p - a scroll of blinking {unknown}
 q - a scroll of teleportation {unknown}
 y - a scroll of magic mapping


You were on level 5 of the Dungeon.
You worshipped Yredelemnul.
Yredelemnul was noncommittal.
You visited 1 branch of the dungeon, and saw 5 of its levels.

You collected 249 gold pieces.
You spent 36 gold pieces at shops.

Dungeon Overview and Level Annotations

Branches:
Dungeon (5/15)
 Temple: D:4-7

Altars:
Ashenzari
Elyvilon
Fedhas
Hepliaklqana
Nemelex Xobeh
Sif Muna
Yredelemnul
The Shining One

Shops:
D:1

*
...................
..##+##+#..####...#
#+ #.## #...# #.#
#.#.. # ######.
#...# #. ..(....
####. .. .......
#.#.####)..#
#....<.@o#
####.##### ... ####


You could see an orc.

Notes
Turn   | Place    | Note
-------+----------+-------------------------------------------
     0 | D:5      | theanonym the Mummy Delver began the quest for the Orb.
     0 | D:5      | Reached XP level 1. HP: 18/18 MP: 1/1
    45 | D:5      | Noticed an iguana
   459 | D:3      | Reached skill level 2 in Maces & Flails
   760 | D:2      | Found a blossoming altar of Fedhas.
   763 | D:2      | Reached XP level 2. HP: 22/24 MP: 2/2
  1059 | D:1      | Found Bublofaf's General Store.
  1069 | D:1      | Bought a throwing net for 36 gold pieces
  1694 | D:1      | Reached XP level 3. HP: 29/29 MP: 3/3
  1851 | D:2      | HP: 13/29 [quokka (3)]
  2081 | D:2      | Noticed a black bear
  2208 | D:2      | Noticed a scorpion
  2627 | D:2      | Killed a scorpion
  2628 | D:2      | Reached skill level 3 in Maces & Flails
  2628 | D:2      | Reached XP level 4. HP: 37/37 MP: 4/4
  2831 | D:2      | Killed a black bear
  2832 | D:2      | Reached skill level 4 in Fighting
  2832 | D:2      | Reached skill level 4 in Maces & Flails
  2832 | D:2      | Reached XP level 5. HP: 35/42 MP: 5/5
  3869 | D:4      | Reached XP level 6. HP: 49/49 MP: 6/6
  3871 | D:4      | Found a sparkling altar of Nemelex Xobeh.
  3876 | D:4      | Found a broken altar of Ashenzari.
  3878 | D:4      | Found a shimmering blue altar of Sif Muna.
  4132 | D:4      | Found a basalt altar of Yredelemnul.
  4302 | D:4      | Found a hazy altar of Hepliaklqana.
  4346 | D:4      | Noticed a profane servitor
  4351 | D:4      | Became a worshipper of Yredelemnul the Dark
  4361 | D:4      | Noticed an angel
  4545 | D:5      | HP: 24/49 [orc/+0 mace (9)]
  4546 | D:5      | HP: 10/49 [centaur/+0 dagger (5)]
  4548 | D:5      | HP: 3/49 [orc/+0 mace (7)]
  4549 | D:5      | Mangled by an orc

Vanquished Creatures
  A black bear (D:2)
  A centaur (D:5)
  A scorpion (D:2)
  A hound (D:4)
  An iguana (D:5)
  2 worker ants (D:4)
  2 adders
  2 dart slugs
  2 leopard geckos
  3 orcs (D:3)
  A ball python (D:2)
  5 bats
  2 giant cockroaches
  8 goblins
  3 hobgoblins
  6 kobolds
  A quokka (D:2)
  2 frilled lizards
  6 rats
50 creatures vanquished.

Table legend: (Time is in decaauts)
 A = Elapsed time spent in this place.
 B = Non-inter-level travel time spent in this place.
 C = Inter-level travel time spent in this place.
 D = Time resting spent in this place.
 E = Time spent auto-exploring this place.
 F = Levels seen in this place.
 G = Mean time per level.
                   A        B        C        D        E       F      G
               +--------+--------+--------+--------+--------+-----+--------+
         Total |   4600 |   4232 |    368 |   1039 |   2694 |   5 |  920.0 |
       Dungeon |   4600 |   4232 |    368 |   1039 |   2694 |   5 |  920.0 |
               +--------+--------+--------+--------+--------+-----+--------+

Top non-repeatable levels by time:
     D:2: 1254 daAuts
     D:3: 1250 daAuts
     D:4: 979 daAuts
     D:1: 919 daAuts
     D:5: 196 daAuts
